cohdb
Replays
Latest Replays
All Replays
Popular Replays
Top Player Replays
Match Explorer
How It Works
Community
CoH3 Stats
Reddit
Sign in to upload your games and track your stats! →
Sign in with Steam
Match 43554618
Unlisted
Match 43554618
Overview
Messages
Build Orders
End
Construct Infanterie Kompanie
Pioneer Squad
Selects Mechanized Battlegroup
Grenadier Squad
MG 42 Machine Gun Team
Construct Luftwaffe Kompanie
Flak 30 Anti-aircraft Gun Team
Flak 30 Anti-aircraft Gun Team
Medical Bunker
Support Elements
Jäger Squad
Wirbelwind Flakpanzer
Selects Raid Package
Luftwaffe Officer Quarters
Selects Spotting Scopes
Wirbelwind Flakpanzer
Side Skirts
Selects Wespe Self-propelled Artillery
Wespe Self-propelled Artillery
Repair Bunker
Wirbelwind Flakpanzer
Marder III M Tank Destroyer
Selects Zeroing Artillery Barrage
Jäger Squad
Wirbelwind Flakpanzer
Selects 8 Rad Armored Car
Selects Panther Heavy Tank
MeGBill
(CB7) (DU)(7-4-7)(B0iz)
RunningWithFate
Onoyk
0
0
Comments
sign in to comment!
No comments posted yet!